MID
ATLANTA (MID) BRAVES @ WEST VIRGINIA POWER
08/09/2044
 
TOP OF THE 1ST
Atlanta (MID) Braves batting - Pitching for West Virginia Power : RHP Alex Romero
Pitching: RHP Alex Romero
Batting: LHB Travis Lazaro 0-0: Swinging Strike
0-1: Ball
1-1: Fly out, F3 (Flyball, 3D, EV 73.1 MPH)
Batting: SHB Brandon McClain 0-0: Called Strike
0-1: Called Strike
0-2: Ball
1-2: Foul Ball, location: 2F
1-2: Foul Ball, location: 2F
1-2: Ball
2-2: Strikes out looking
Batting: RHB Corey Dalton 0-0: Ground out 5-3 (Groundball, 5, EV 86.9 MPH)
Top of the 1st over - 0 runs, 0 hits, 0 errors, 0 left on base; Atlanta (MID) 0 - West Virginia 0
BOTTOM OF THE 1ST
West Virginia Power batting - Pitching for Atlanta (MID) Braves : RHP Andy Kiefer
Pitching: RHP Andy Kiefer
Batting: RHB Jesus Marquez 0-0: Ball
1-0: SINGLE (Groundball, 56S, EV 66.2 MPH) (infield hit)
Batting: LHB Alan Pumphrey 0-0: Called Strike
0-1: SINGLE (Groundball, 4D, EV 96.9 MPH)
Jesus Marquez to second
Batting: SHB Francisco Gutierrez 0-0: Ball
1-0: Ball
2-0: Ball
3-0: Base on Balls
Jesus Marquez to third
Alan Pumphrey to second
Batting: RHB Tom Primmer 0-0: Ball
1-0: Ball
2-0: Called Strike
2-1: Foul Ball, location: 2F
2-2: Fielders Choice at 2nd, 6-4 (Groundball, 6, EV 82.5 MPH)
Jesus Marquez scores
Alan Pumphrey to third
Batting: RHB Jordan Robinson 0-0: Ball
1-0: Called Strike
1-1: Swinging Strike
1-2: Ball
Tom Primmer steals 2nd base
2-2: Strikes out swinging
Batting: SHB Brad Day 0-0: Called Strike
0-1: Ball
1-1: Ball
2-1: DOUBLE (Line Drive, 7LD, EV 113.8 MPH)
Alan Pumphrey scores
Tom Primmer scores
Batting: RHB Dennis Coppolino 0-0: Ball
1-0: Foul Ball, location: 2F
1-1: Foul Ball, location: 2F
1-2: Fly out, F9 (Flyball, 9LD, EV 80.0 MPH)
Bottom of the 1st over - 3 runs, 3 hits, 0 errors, 1 left on base; Atlanta (MID) 0 - West Virginia 3
TOP OF THE 2ND
Atlanta (MID) Braves batting - Pitching for West Virginia Power : RHP Alex Romero
Batting: SHB Richello Badua 0-0: Called Strike
0-1: Swinging Strike
0-2: Strikes out swinging
Batting: LHB Tommy Williams 0-0: Ball
1-0: Called Strike
1-1: Ball
2-1: Ball
3-1: Fly out, F6 (Flyball, 5D, EV 90.0 MPH)
Batting: RHB Mike Shook 0-0: Called Strike
0-1: Ball
1-1: Ball
2-1: Foul Ball, location: 2F
2-2: Ball
3-2: Foul Ball, location: 2F
3-2: Strikes out swinging
Top of the 2nd over - 0 runs, 0 hits, 0 errors, 0 left on base; Atlanta (MID) 0 - West Virginia 3
BOTTOM OF THE 2ND
West Virginia Power batting - Pitching for Atlanta (MID) Braves : RHP Andy Kiefer
Batting: RHB Ted Goldblatt 0-0: Ball
1-0: Foul Ball, location: 2F
1-1: SINGLE (Groundball, 6MS, EV 65.0 MPH) (infield hit)
Batting: RHB John Beiswenger 0-0: Ball
1-0: Called Strike
1-1: Foul Ball, location: 2F
1-2: Ball
2-2: Foul Ball, location: 2F
2-2: Ball
3-2: Strikes out swinging
Batting: RHB Jesus Marquez 0-0: Fielders Choice at 2nd, 6-4 (Groundball, 6S, EV 81.2 MPH)
Batting: LHB Alan Pumphrey 0-0: Ball
1-0: Called Strike
Jesus Marquez steals 2nd base
1-1: Ball
2-1: Foul Ball, location: 2F
2-2: DOUBLE (Line Drive, 7LS, EV 111.9 MPH)
Jesus Marquez scores
Batting: SHB Francisco Gutierrez 0-0: Ball
1-0: SINGLE (Groundball, 3D, EV 104.4 MPH)
Alan Pumphrey to third
Runner from 3rd tries for Home, SAFE, throw by RF to home
Batting: RHB Tom Primmer 0-0: Ball
Francisco Gutierrez steals 2nd base
1-0: Swinging Strike
1-1: Swinging Strike
1-2: Strikes out swinging
Bottom of the 2nd over - 2 runs, 3 hits, 0 errors, 1 left on base; Atlanta (MID) 0 - West Virginia 5
TOP OF THE 3RD
Atlanta (MID) Braves batting - Pitching for West Virginia Power : RHP Alex Romero
Batting: RHB Johnny Burroughs 0-0: Called Strike
0-1: Foul Ball, location: 2F
0-2: Ball
1-2: Ball
2-2: SINGLE (Line Drive, 6M, EV 103.8 MPH)
Batting: RHB Andy Cunningham 0-0: Swinging Strike
0-1: Ball
1-1: Foul Ball, location: 2F
1-2: Strikes out looking
Batting: RHB Nick Platt 0-0: Foul Ball, location: 2F
0-1: Ball
1-1: Foul Ball, location: 2F
1-2: Ball
2-2: Strikes out swinging
Batting: LHB Travis Lazaro 0-0: Called Strike
0-1: Called Strike
0-2: Ball
1-2: Ball
2-2: Ball
3-2: Base on Balls
Johnny Burroughs to second
Batting: SHB Brandon McClain 0-0: Foul Ball, location: 2F
0-1: Called Strike
0-2: Ball
1-2: Foul Ball, location: 2F
1-2: Ball
2-2: Strikes out swinging
Top of the 3rd over - 0 runs, 1 hit, 0 errors, 2 left on base; Atlanta (MID) 0 - West Virginia 5
BOTTOM OF THE 3RD
West Virginia Power batting - Pitching for Atlanta (MID) Braves : RHP Andy Kiefer
Batting: RHB Jordan Robinson 0-0: SINGLE (Groundball, 6MD, EV 103.8 MPH)
Batting: SHB Brad Day 0-0: Ball
1-0: Ball
2-0: Fielders Choice at 2nd, 4-6 (Groundball, 4, EV 86.9 MPH)
Batting: RHB Dennis Coppolino 0-0: Foul Ball, location: 2F
0-1: Foul Ball, location: 2F
0-2: Foul Ball, location: 2F
0-2: Strikes out swinging
Batting: RHB Ted Goldblatt 0-0: Ball
1-0: Ball
2-0: Called Strike
Brad Day steals 2nd base
2-1: Ball
3-1: Called Strike
3-2: Foul Ball, location: 2F
3-2: Reached on error, E6 (Groundball, 6S, EV 93.8 MPH)
Brad Day scores
Batting: RHB John Beiswenger 0-0: Ball
1-0: Ball
2-0: Called Strike
2-1: Ground out 3-1 (Groundball, 34, EV 83.1 MPH)
Bottom of the 3rd over - 1 run, 1 hit, 1 error, 1 left on base; Atlanta (MID) 0 - West Virginia 6
TOP OF THE 4TH
Atlanta (MID) Braves batting - Pitching for West Virginia Power : RHP Alex Romero
Batting: RHB Corey Dalton 0-0: Ball
1-0: Called Strike
1-1: Swinging Strike
1-2: Ball
2-2: Foul Ball, location: 2F
2-2: SINGLE (Groundball, 5D, EV 109.4 MPH)
Batting: SHB Richello Badua 0-0: SINGLE (Groundball, 34D, EV 103.8 MPH)
Corey Dalton to second
Runner from 2nd tries for 3rd, OUT! 9-5
Batting: LHB Tommy Williams 0-0: Ball
Richello Badua is caught stealing 2nd base 2-6
1-0: Called Strike
1-1: Ball
2-1: Called Strike
2-2: Strikes out looking
Top of the 4th over - 0 runs, 2 hits, 0 errors, 0 left on base; Atlanta (MID) 0 - West Virginia 6
BOTTOM OF THE 4TH
West Virginia Power batting - Pitching for Atlanta (MID) Braves : RHP Andy Kiefer
Batting: RHB Jesus Marquez 0-0: Called Strike
0-1: Ball
1-1: Ball
2-1: Foul Ball, location: 2F
2-2: Ball
3-2: Base on Balls
Batting: LHB Alan Pumphrey 0-0: Ball
1-0: Ball
2-0: Swinging Strike
2-1: Ball
3-1: Base on Balls
Jesus Marquez to second
Batting: SHB Francisco Gutierrez 0-0: Swinging Strike
0-1: Ball
1-1: Foul Ball, location: 2F
1-2: Strikes out swinging
Batting: RHB Tom Primmer 0-0: Called Strike
0-1: Ball
1-1: SINGLE (Groundball, 56D, EV 103.1 MPH)
Jesus Marquez to third
Alan Pumphrey to second
Throwing error, E7
Jesus Marquez scores
Alan Pumphrey to third
Tom Primmer to second
Pitching: RHP Kevin Zika
Batting: RHB Jordan Robinson 0-0: Called Strike
0-1: DOUBLE (Line Drive, 7LD, EV 103.8 MPH)
Alan Pumphrey scores
Tom Primmer scores
Batting: SHB Brad Day 0-0: Foul Ball, location: 2F
0-1: Swinging Strike
0-2: Ball
1-2: Ball
2-2: Ground out 3-1 (Groundball, 34, EV 86.2 MPH)
Jordan Robinson to third
Batting: RHB Dennis Coppolino 0-0: Ball
1-0: Called Strike
1-1: Swinging Strike
1-2: Reached on error, E4 (Groundball, 4, EV 103.1 MPH)
Jordan Robinson scores
Batting: RHB Ted Goldblatt 0-0: Ball
1-0: Called Strike
1-1: Fly out, F8 (Flyball, 89XD, EV 102.5 MPH)
Bottom of the 4th over - 4 runs, 2 hits, 2 errors, 1 left on base; Atlanta (MID) 0 - West Virginia 10
TOP OF THE 5TH
Atlanta (MID) Braves batting - Pitching for West Virginia Power : RHP Alex Romero
Batting: RHB Mike Shook 0-0: Ball
1-0: Ball
2-0: Ball
3-0: Base on Balls
Batting: RHB Johnny Burroughs 0-0: Called Strike
0-1: Ball
1-1: Ball
Wild Pitch!
Mike Shook to second
2-1: Foul Ball, location: 2F
2-2: Ball
3-2: Base on Balls
Batting: RHB Andy Cunningham 0-0: Called Strike
0-1: SINGLE (Groundball, 6MS, EV 70.0 MPH) (infield hit)
Mike Shook to third
Johnny Burroughs to second
Batting: RHB Nick Platt 0-0: Called Strike
0-1: Foul Ball, location: 2F
0-2: Fly out, F8 (Flyball, 8RD, EV 102.5 MPH)
Runner from 3rd tags up, SCORES, throw by CF
Johnny Burroughs to third
Pitching: RHP Mike Rosen
Batting: LHB Travis Lazaro 0-0: Called Strike
Andy Cunningham steals 2nd base (no throw)
0-1: DOUBLE (Line Drive, 78M, EV 96.2 MPH)
Johnny Burroughs scores
Andy Cunningham scores
Batting: SHB Brandon McClain 0-0: Ball
1-0: Foul Ball, location: 2F
1-1: Swinging Strike
1-2: Ball
2-2: Strikes out looking
Batting: RHB Corey Dalton 0-0: Ball
1-0: Foul Ball, location: 2F
1-1: Swinging Strike
1-2: Strikes out looking
Top of the 5th over - 3 runs, 2 hits, 0 errors, 1 left on base; Atlanta (MID) 3 - West Virginia 10
BOTTOM OF THE 5TH
West Virginia Power batting - Pitching for Atlanta (MID) Braves : RHP Kevin Zika
Batting: RHB John Beiswenger 0-0: Ball
1-0: Ground out 6-3 (Groundball, 6MS, EV 85.6 MPH)
Batting: RHB Jesus Marquez 0-0: Called Strike
0-1: Ball
1-1: Ball
2-1: Ground out 3-1 (Groundball, 34, EV 105.6 MPH)
Batting: LHB Alan Pumphrey 0-0: Ball
1-0: Called Strike
1-1: SINGLE (Line Drive, 9S, EV 93.8 MPH)
Batting: SHB Francisco Gutierrez 0-0: Ball
1-0: Foul Ball, location: 2F
1-1: Ball
2-1: Reached on error, E8 (Line Drive, 8RM, EV 90.6 MPH)
Alan Pumphrey to third
Batting: RHB Tom Primmer 0-0: Ball
1-0: Ball
2-0: SINGLE (Groundball, 56D, EV 96.2 MPH)
Alan Pumphrey scores
Francisco Gutierrez to third
Runner from 3rd tries for Home, SAFE, throw by LF to home
Batting: RHB Jordan Robinson 0-0: Ball
1-0: Called Strike
1-1: Ball
2-1: Ball
3-1: Base on Balls
Tom Primmer to second
Batting: SHB Brad Day 0-0: Swinging Strike
0-1: Foul Ball, location: 2F
0-2: Foul Ball, location: 2F
0-2: Foul Ball, location: 2F
0-2: Ball
1-2: DOUBLE (Line Drive, 89D, EV 107.5 MPH)
Tom Primmer scores
Jordan Robinson to third
Pitching: RHP Jeff Heaster
Batting: RHB Dennis Coppolino 0-0: Called Strike
0-1: Swinging Strike
0-2: Strikes out looking
Bottom of the 5th over - 3 runs, 3 hits, 1 error, 2 left on base; Atlanta (MID) 3 - West Virginia 13
TOP OF THE 6TH
Atlanta (MID) Braves batting - Pitching for West Virginia Power : RHP Mike Rosen
Batting: SHB Richello Badua 0-0: SINGLE (Flyball, 3D, EV 98.1 MPH)
Batting: LHB Tommy Williams 0-0: Called Strike
0-1: Ball
1-1: Ball
Richello Badua steals 2nd base (no throw)
2-1: Foul Ball, location: 2F
2-2: Foul Ball, location: 2F
2-2: Strikes out looking
Batting: RHB Mike Shook 0-0: Called Strike
0-1: Called Strike
0-2: Ball
1-2: Ball
2-2: Strikes out swinging
Batting: RHB Johnny Burroughs 0-0: Ball
1-0: Ball
2-0: Ball
3-0: Called Strike
3-1: Base on Balls
Batting: RHB Andy Cunningham 0-0: Called Strike
0-1: Ball
1-1: Called Strike
1-2: Ball
2-2: Ball
3-2: Strikes out swinging
Top of the 6th over - 0 runs, 1 hit, 0 errors, 2 left on base; Atlanta (MID) 3 - West Virginia 13
BOTTOM OF THE 6TH
West Virginia Power batting - Pitching for Atlanta (MID) Braves : RHP Jeff Heaster
Batting: RHB Ted Goldblatt 0-0: DOUBLE (Groundball, 5L, EV 100.6 MPH)
Batting: RHB John Beiswenger 0-0: SINGLE (Groundball, 56S, EV 64.4 MPH) (infield hit)
Ted Goldblatt to third
Batting: RHB Jesus Marquez 0-0: Called Strike
0-1: Ball
1-1: Ball
2-1: Foul Ball, location: 2F
2-2: Ball
3-2: Strikes out swinging
Batting: LHB Alan Pumphrey 0-0: Ball
1-0: Called Strike
1-1: Ball
2-1: Swinging Strike
2-2: Foul Ball, location: 2F
2-2: Strikes out swinging
Batting: SHB Francisco Gutierrez 0-0: Ball
1-0: Foul Ball, location: 2F
1-1: Ball
2-1: Ball
3-1: Called Strike
3-2: Base on Balls
John Beiswenger to second
Batting: RHB Tom Primmer 0-0: Ball
1-0: Fly out, F7 (Flyball, 78D, EV 99.4 MPH)
Bottom of the 6th over - 0 runs, 2 hits, 0 errors, 3 left on base; Atlanta (MID) 3 - West Virginia 13
TOP OF THE 7TH
Atlanta (MID) Braves batting - Pitching for West Virginia Power : RHP Mike Rosen
Batting: RHB Nick Platt 0-0: Called Strike
0-1: Swinging Strike
0-2: Foul Ball, location: 2F
0-2: Ball
1-2: Ball
2-2: Ball
3-2: Ground out 4-3 (Groundball, 4, EV 88.1 MPH)
Pitching: RHP Bobby Detmer
Batting: LHB Travis Lazaro 0-0: Ball
1-0: Ball
2-0: Ball
3-0: Called Strike
3-1: Base on Balls
Batting: SHB Brandon McClain 0-0: SINGLE (Groundball, 34S, EV 70.0 MPH) (infield hit)
Travis Lazaro to second
Batting: RHB Corey Dalton 0-0: Swinging Strike
Passed Ball!
Travis Lazaro to third
Brandon McClain to second
0-1: Ball
1-1: Ball
2-1: Ball
3-1: Called Strike
3-2: Strikes out swinging
Batting: SHB Richello Badua 0-0: Ground out 6-3 (Groundball, 6M, EV 100.0 MPH)
Top of the 7th over - 0 runs, 1 hit, 0 errors, 2 left on base; Atlanta (MID) 3 - West Virginia 13
BOTTOM OF THE 7TH
West Virginia Power batting - Pitching for Atlanta (MID) Braves : RHP Jeff Heaster
Batting: RHB Jordan Robinson 0-0: Called Strike
0-1: Ball
1-1: Ground out 1-3 (Groundball, 13S, EV 68.1 MPH)
Batting: SHB Brad Day 0-0: Swinging Strike
0-1: Ground out 4-3 (Groundball, P, EV 90.0 MPH)
Batting: RHB Dennis Coppolino 0-0: Ball
1-0: Called Strike
1-1: Called Strike
1-2: Strikes out looking
Bottom of the 7th over - 0 runs, 0 hits, 0 errors, 0 left on base; Atlanta (MID) 3 - West Virginia 13
TOP OF THE 8TH
Atlanta (MID) Braves batting - Pitching for West Virginia Power : RHP Bobby Detmer
Batting: LHB Tommy Williams 0-0: Ball
1-0: SINGLE (Groundball, 4MD, EV 101.9 MPH)
Batting: RHB Mike Shook 0-0: Foul Ball, location: 2F
0-1: Foul Ball, location: 2F
0-2: Foul Ball, location: 2F
0-2: Foul Ball, location: 2F
0-2: Strikes out swinging
Batting: RHB Johnny Burroughs 0-0: Called Strike
0-1: Swinging Strike
0-2: Ball
1-2: Strikes out swinging
Batting: RHB Andy Cunningham 0-0: Called Strike
0-1: Foul Ball, location: 2F
0-2: Foul Ball, location: 2F
0-2: Foul Ball, location: 2F
0-2: Foul Ball, location: 2F
0-2: Strikes out looking
Top of the 8th over - 0 runs, 1 hit, 0 errors, 1 left on base; Atlanta (MID) 3 - West Virginia 13
BOTTOM OF THE 8TH
West Virginia Power batting - Pitching for Atlanta (MID) Braves : RHP Jeff Heaster
Batting: RHB Ted Goldblatt 0-0: Ball
1-0: Ball
2-0: Called Strike
2-1: Ball
3-1: Foul Ball, location: 2F
3-2: Strikes out looking
Pinch Hitting: RHB Jose Lozano 0-0: Ball
1-0: Ball
2-0: Ball
3-0: Base on Balls
Batting: RHB Jesus Marquez 0-0: SINGLE (Groundball, 4D, EV 107.5 MPH)
Jose Lozano to second
Batting: LHB Alan Pumphrey 0-0: Ball
1-0: Ball
2-0: Called Strike
2-1: Ball
3-1: Called Strike
3-2: Strikes out swinging
Pitching: RHP Todd Cox
Pinch Hitting: LHB Justin Harris 0-0: Foul Ball, location: 2F
0-1: Ball
1-1: Ball
2-1: DOUBLE (Flyball, 89D, EV 112.5 MPH)
Jose Lozano scores
Jesus Marquez to third
Batting: RHB Tom Primmer 0-0: Ball
1-0: Swinging Strike
1-1: Foul Ball, location: 2F
1-2: Ball
2-2: Foul Ball, location: 2F
2-2: TRIPLE (Flyball, 9D, EV 95.0 MPH)
Jesus Marquez scores
Justin Harris scores
Batting: RHB Jordan Robinson 0-0: Ball
1-0: Swinging Strike
1-1: Swinging Strike
1-2: Ball
2-2: Strikes out swinging
Bottom of the 8th over - 3 runs, 3 hits, 0 errors, 1 left on base; Atlanta (MID) 3 - West Virginia 16
TOP OF THE 9TH
Atlanta (MID) Braves batting - Pitching for West Virginia Power : RHP Bobby Detmer
Pitching: RHP Travis Luckett
Now at 1B: Jose Lozano
Now at 2B: Justin Harris
Now at SS: Dennis Coppolino
Batting: RHB Nick Platt 0-0: Called Strike
0-1: Foul Ball, location: 2F
0-2: Ball
1-2: Strikes out looking
Batting: LHB Travis Lazaro 0-0: DOUBLE (Line Drive, 78D, EV 111.9 MPH)
Batting: SHB Brandon McClain 0-0: Ball
1-0: Foul Ball, location: 2F
1-1: Foul Ball, location: 2F
1-2: Ball
2-2: Ball
3-2: Strikes out swinging
Batting: RHB Corey Dalton 0-0: Ball
1-0: Ball
2-0: Ball
3-0: Called Strike
3-1: Foul Ball, location: 2F
3-2: Foul Ball, location: 2F
3-2: Base on Balls
Batting: SHB Richello Badua 0-0: Called Strike
0-1: Swinging Strike
0-2: Ball
1-2: Ground out 5-3 (Groundball, 25, EV 88.8 MPH)
Top of the 9th over - 0 runs, 1 hit, 0 errors, 2 left on base; Atlanta (MID) 3 - West Virginia 16
Thursday, March 31st , 2022 - OOTP Baseball 22.12 Build 89